 Dungeon Crawl Stone Soup version 0.24.1-14-gf8d2b509d9 (webtiles) character file.

Game seed: 12696468479792756635, levelgen mode: deterministic

15501092 TheNamelessOne the Invulnerable (level 25, 187/187 HPs)
             Began as a Gargoyle Fighter on Oct 7, 2023.
             Was the Champion of Ru.
             Escaped with the Orb
             ... and 15 runes on Jan 14, 2024!
             The game lasted 04:51:32 (102301 turns).

TheNamelessOne the Invulnerable (GrFi)            Turns: 102301, Time: 04:51:33

Health: 187/187    AC: 70    Str: 29    XL:     25
Magic:  43/43      EV: 10    Int: 20    God:    Ru [******]
Gold:   15003      SH: 27    Dex: 13    Spells: 42/56 levels left

rFire    + + .     SeeInvis +   F - +8 broad axe of Demonkind {freeze, rF+ Int+3}
rCold    + + .     Gourm    .   a - +4 shield of Muefatum {Slay+5}
rNeg     + + .     Faith    .   c - +8 orange crystal plate armour {Archmagi, Int+3 Clar}
rPois    ∞         Spirit   .   D - +2 hat {MR+}
rElec    +         Reflect  .   A - +2 cloak {rPois}
rCorr    +         Harm     .   u - +2 pair of gloves of Cothrudd {Dex+6}
MR       ++...     Clarity  +   C - +0 pair of boots of Ytaokuelo {rElec Str+4}
Stlth    ..........             h - amulet of regeneration
HPRegen  0.81/turn              S - ring of Reimbursement {rF+ rN+ SInv Stlth+}
MPRegen  0.28/turn              M - ring of Awe {rElec rC++ rCorr Dex-2 Slay+3}

@: flying, drained, deflect missiles
A: big wings, hooves 1, repulsion field 1, large bone plates 2, negative energy
resistance 1, shaggy fur 1, electricity resistance, weak 1, wild magic 1,
unbreathing, evolution 1, petrification resistance, no potion heal 1, rot
immunity, no stealth, hated by all, inability to train dodging, no fire magic,
no hexes magic, no translocations magic, inexperienced 1, AC +19
0: Orb of Zot
}: 15/15 runes: decaying, slimy, silver, golden, iron, obsidian, icy, bone,
abyssal, demonic, glowing, magical, fiery, dark, gossamer
a: Stop Flying, Draw Out Power, Power Leap, Apocalypse, Renounce Religion


You escaped.
You worshipped Ru.
Ru was exalted by your worship.
You were not hungry.

You visited 18 branches of the dungeon, and saw 89 of its levels.
You visited Pandemonium 1 time, and saw 42 of its levels.
You visited the Abyss 5 times.
You also visited: Trove and Bailey.

You collected 16781 gold pieces.
You spent 1778 gold pieces at shops.

Inventory:

Hand Weapons
 F - the +8 broad axe of Demonkind (weapon) {freeze, rF+ Int+3}
   (You found it on level 13 of the Dungeon)

   It has been specially enchanted to freeze those struck by it, causing extra
   injury to most foes and up to half again as much damage against particularly
   susceptible opponents.
   It can also slow down cold-blooded creatures.
   It affects your intelligence (+3).
   It protects you from fire.
 P - a +9 sacred scourge of holy wrath
Missiles
 J - 25 javelins (quivered)
 N - 9 silver javelins
Armour
 a - the +4 shield of Muefatum (worn) {Slay+5}
   (You found it on level 7 of Tartarus)

   It affects your accuracy and damage with ranged weapons and melee attacks
   (+5).
 c - the +8 orange crystal plate armour (worn) {Archmagi, Int+3 Clar}
   (You found it on level 3 of the Depths)

   It affects your intelligence (+3).
   It protects you against confusion.
 k - a +5 shield of fire resistance
 u - the +2 pair of gloves of Cothrudd (worn) {Dex+6}
   (You found it on level 3 of the Realm of Zot)

   It affects your dexterity (+6).
 A - a +2 cloak of poison resistance (worn)
 C - the +0 pair of boots of Ytaokuelo (worn) {rElec Str+4}
   (You bought it in a shop on level 3 of the Vaults)

   It affects your strength (+4).
   It insulates you from electricity.
 D - a +2 hat of magic resistance (worn)
Jewellery
 h - an amulet of regeneration (around neck)
 M - the ring of Awe (right hand) {rElec rC++ rCorr Dex-2 Slay+3}
   (You found it in Pandemonium)

   [ring of resist corrosion]

   It affects your dexterity (-2).
   It affects your accuracy and damage with ranged weapons and melee attacks
   (+3).
   It greatly protects you from cold.
   It insulates you from electricity.
   It provides partial protection from all sources of acid and corrosion.
 Q - the ring "Weavva" {MR+ rCorr Str+2 Dex-3 SInv}
   (You found it on level 7 of Gehenna)

   [ring of resist corrosion]

   It affects your strength (+2).
   It affects your dexterity (-3).
   It affects your resistance to hostile enchantments.
   It lets you see invisible.
   It provides partial protection from all sources of acid and corrosion.
 S - the ring of Reimbursement (left hand) {rF+ rN+ SInv Stlth+}
   (You found it on level 1 of the Spider Nest)

   [ring of see invisible]

   It protects you from fire.
   It protects you from negative energy.
   It lets you see invisible.
   It makes you more stealthy.
Wands
 n - a wand of disintegration (7)
 R - a wand of iceblast (65)
 U - a wand of acid (59)
 Y - a wand of digging (8)
 Z - a wand of scattershot (10)
Scrolls
 i - 5 scrolls of blinking
 l - 16 scrolls of enchant armour
 m - 32 scrolls of remove curse
 p - 17 scrolls of amnesia
 s - 16 scrolls of fog
 t - 6 scrolls of enchant weapon
 v - 21 scrolls of teleportation
 y - 28 scrolls of identify
 z - 20 scrolls of magic mapping
 G - 17 scrolls of vulnerability
 K - 8 scrolls of immolation
 L - 7 scrolls of holy word
 O - 6 scrolls of silence
 V - 8 scrolls of fear
Potions
 b - 4 potions of agility
 d - 4 potions of resistance
 e - 16 potions of lignification
 g - 6 potions of berserk rage
 j - 4 potions of ambrosia
 o - 3 potions of haste
 q - 4 potions of might
 r - 27 potions of curing
 w - 8 potions of invisibility
 B - 4 potions of heal wounds
 E - 3 potions of cancellation
 W - 14 potions of brilliance
 X - 6 potions of magic
Miscellaneous
 x - a lightning rod (4/4)
 H - a lamp of fire
 I - a figurine of a ziggurat
Comestibles
 f - 65 rations


   Skills:
 O Level 27(25.2) Fighting
 O Level 27(25.2) Axes
 - Level 16.3(22.6) Maces & Flails
 - Level 20.4(18.8) Throwing
 O Level 27(25.2) Armour
 - Level 22.4(20.8) Shields
 - Level 16.0(14.6) Spellcasting
 + Level 21.0(19.4) Charms
 - Level 13.6(12.2) Summonings
 - Level 5.0(3.9) Necromancy
 + Level 19.0(17.5) Air Magic
 - Level 25.5(23.7) Evocations


You had 42 spell levels left.
You knew the following spells:

 Your Spells              Type           Power        Failure   Level  Hunger
a - Deflect Missiles      Chrm/Air       ########..   4%          6    #####..
b - Regeneration          Chrm/Necr      #######...   1%          3    None
c - Aura of Abjuration    Summ           #######...   9%          5    ###....

Your spell library contained the following spells:

 Spells                   Type           Power        Failure   Level  Hunger
 Infusion                 Chrm           ####         1%          1    None
 Shock                    Conj/Air       ####         1%          1    None
 Song of Slaying          Chrm           ########     1%          2    None
 Swiftness                Chrm/Air       ########     1%          2    None
 Airstrike                Air            ########..   1%          4    None
 Poisonous Vapours        Pois/Air       ######       2%          2    None
 Ozocubu's Armour         Chrm/Ice       #######.     3%          3    None
 Static Discharge         Conj/Air       #######.     4%          3    None
 Pain                     Necr           ####         10%         1    None
 Excruciating Wounds      Chrm/Necr      #######...   10%         5    ###....
 Mephitic Cloud           Conj/Pois/Air  ######..     12%         3    None
 Corpse Rot               Necr           N/A          13%         2    None
 Iskenderun's Battlesphe  Conj/Chrm      #######.     21%         5    ###....
 Vampiric Draining        Necr           ######....   24%         3    None
 Lightning Bolt           Conj/Air       #######...   30%         5    ###....
 Beastly Appendage        Tmut           ####..       36%         1    None
 Freeze                   Ice            ####         36%         1    None
 Magic Dart               Conj           ####         36%         1    None
 Sandblast                Erth           ####..       36%         1    None
 Sting                    Conj/Pois      ####         36%         1    None
 Passwall                 Tmut/Erth      ####....     50%         2    None
 Searing Ray              Conj           ####..       50%         2    None
 Throw Frost              Conj/Ice       ####..       50%         2    None
 Spider Form              Tmut/Pois      ####......   73%         3    None
 Stone Arrow              Conj/Erth      ####..       73%         3    None
 Conjure Ball Lightning   Conj/Air       #######...   83%         6    #####..
 Agony                    Necr           ######..     89%         5    ###....
 Dispel Undead            Necr           ######..     89%         5    ###....
 Ice Form                 Ice/Tmut       ####....     98%         4    None
 Iskenderun's Mystic Bla  Conj           ####....     98%         4    None
 Olgreb's Toxic Radiance  Pois           ####....     98%         4    None
 Petrify                  Tmut/Erth      ####....     98%         4    None
 Throw Icicle             Conj/Ice       ####....     98%         4    None
 Bolt of Draining         Conj/Necr      #####.....   99%         5    ###....
 Borgnjor's Vile Clutch   Necr/Erth      #####.....   99%         5    ###....
 Freezing Cloud           Conj/Ice/Air   ######....   99%         6    #####..
 Alistair's Intoxication  Tmut/Pois      ####....     100%        5    ###....
 Blade Hands              Tmut           ####......   100%        5    ###....
 Irradiate                Conj/Tmut      ####......   100%        5    ###....
 Lee's Rapid Deconstruct  Erth           ####......   100%        5    ###....
 Venom Bolt               Conj/Pois      ####......   100%        5    ###....
 Bolt of Cold             Conj/Ice       ####......   100%        6    #####..
 Hydra Form               Tmut           ####......   100%        6    #####..
 Iron Shot                Conj/Erth      ####......   100%        6    #####..
 Ozocubu's Refrigeration  Ice            ####......   100%        6    #####..
 Poison Arrow             Conj/Pois      ####......   100%        6    #####..
 Dragon Form              Tmut           ####......   100%        7    ######.
 Orb of Destruction       Conj           ####......   100%        7    ######.
 Chain Lightning          Conj/Air       #######...   100%        8    #######
 Death's Door             Chrm/Necr      #######...   100%        8    #######
 Lehudib's Crystal Spear  Conj/Erth      ####......   100%        8    #######
 Glaciate                 Conj/Ice       ####......   100%        9    #######
 Shatter                  Erth           ####......   100%        9    #######
 Tornado                  Air            ########..   100%        9    #######
 Summon Butterflies       Summ           Unusable     N/A         1    N/A
 Summon Small Mammal      Summ           Unusable     N/A         1    N/A
 Call Imp                 Summ           Unusable     N/A         2    N/A
 Shroud of Golubria       Chrm/Tloc      Unusable     N/A         2    N/A
 Call Canine Familiar     Summ           Unusable     N/A         3    N/A
 Summon Lightning Spire   Summ/Air       Unusable     N/A         4    N/A
 Spectral Weapon          Hex/Chrm       Unusable     N/A         3    N/A
 Summon Demon             Summ           Unusable     N/A         5    N/A
 Animate Skeleton         Necr           Unusable     N/A         1    N/A
 Recall                   Summ/Tloc      Unusable     N/A         3    N/A
 Summon Guardian Golem    Hex/Summ       Unusable     N/A         3    N/A
 Sublimation of Blood     Necr           Unusable     N/A         2    N/A
 Summon Ice Beast         Ice/Summ       Unusable     N/A         4    N/A
 Silence                  Hex/Air        Unusable     N/A         5    N/A
 Apportation              Tloc           Unusable     N/A         1    N/A
 Confusing Touch          Hex            Unusable     N/A         1    N/A
 Corona                   Hex            Unusable     N/A         1    N/A
 Flame Tongue             Conj/Fire      Unusable     N/A         1    N/A
 Shadow Creatures         Summ           Unusable     N/A         6    N/A
 Blink                    Tloc           Unusable     N/A         2    N/A
 Ensorcelled Hibernation  Hex/Ice        Unusable     N/A         2    N/A
 Slow                     Hex            Unusable     N/A         2    N/A
 Sticks to Snakes         Tmut           Unusable     N/A         2    N/A
 Throw Flame              Conj/Fire      Unusable     N/A         2    N/A
 Animate Dead             Necr           Unusable     N/A         4    N/A
 Summon Forest            Summ/Tloc      Unusable     N/A         5    N/A
 Summon Mana Viper        Hex/Summ       Unusable     N/A         5    N/A
 Confuse                  Hex            Unusable     N/A         3    N/A
 Conjure Flame            Conj/Fire      Unusable     N/A         3    N/A
 Dazzling Spray           Conj/Hex       Unusable     N/A         3    N/A
 Gell's Gravitas          Tloc           Unusable     N/A         3    N/A
 Inner Flame              Hex/Fire       Unusable     N/A         3    N/A
 Lesser Beckoning         Tloc           Unusable     N/A         3    N/A
 Portal Projectile        Hex/Tloc       Unusable     N/A         3    N/A
 Tukima's Dance           Hex            Unusable     N/A         3    N/A
 Summon Hydra             Summ           Unusable     N/A         7    N/A
 Cause Fear               Hex            Unusable     N/A         4    N/A
 Force Lance              Conj/Tloc      Unusable     N/A         4    N/A
 Fulminant Prism          Conj/Hex       Unusable     N/A         4    N/A
 Leda's Liquefaction      Hex/Erth       Unusable     N/A         4    N/A
 Passage of Golubria      Tloc           Unusable     N/A         4    N/A
 Sticky Flame             Conj/Fire      Unusable     N/A         4    N/A
 Ring of Flames           Chrm/Fire      Unusable     N/A         7    N/A
 Bolt of Magma            Conj/Fire/Erth Unusable     N/A         5    N/A
 Fireball                 Conj/Fire      Unusable     N/A         5    N/A
 Metabolic Englaciation   Hex/Ice        Unusable     N/A         5    N/A
 Yara's Violent Unravell  Hex/Tmut       Unusable     N/A         5    N/A
 Bolt of Fire             Conj/Fire      Unusable     N/A         6    N/A
 Darkness                 Hex            Unusable     N/A         6    N/A
 Dispersal                Tloc           Unusable     N/A         6    N/A
 Invisibility             Hex            Unusable     N/A         6    N/A
 Simulacrum               Ice/Necr       Unusable     N/A         6    N/A
 Malign Gateway           Summ/Tloc      Unusable     N/A         7    N/A
 Spellforged Servitor     Conj/Summ      Unusable     N/A         7    N/A
 Controlled Blink         Tloc           Unusable     N/A         8    N/A
 Discord                  Hex            Unusable     N/A         8    N/A
 Disjunction              Tloc           Unusable     N/A         8    N/A
 Ignition                 Fire           Unusable     N/A         8    N/A
 Dragon's Call            Summ           Unusable     N/A         9    N/A
 Fire Storm               Conj/Fire      Unusable     N/A         9    N/A

Dungeon Overview and Level Annotations

Branches:
Dungeon (15/15)            Temple (1/1) D:6            Lair (6/6) D:9
  Swamp (4/4) Lair:3       Spider (4/4) Lair:2        Slime (5/5) Lair:5
    Orc (2/2) D:9             Elf (3/3) Orc:2        Vaults (5/5) D:13
  Crypt (3/3) Vaults:3       Tomb (3/3) Crypt:3      Depths (5/5) D:15
   Hell (visited)             Dis (7/7) Hell            Geh (7/7) Hell
    Coc (7/7) Hell            Tar (7/7) Hell            Zot (5/5) Depths:5
 Bailey (visited)

Altars:
Ashenzari
Elyvilon
Fedhas
Kikubaaqudgha
Makhleb
Nemelex Xobeh
Ru
Sif Muna
Vehumet
Wu Jian
Yredelemnul
Zin
The Shining One
Lugonu

Shops:
Orc:1 :   Orc:2 :((*   Elf:1 *   Elf:2 %}=}   Elf:3 [   Vaults:1 %   Vaults:2 [
Vaults:3 [   Vaults:4 [

Portals:
Hell: Lair:6 Depths:1 Depths:2 Depths:3 Depths:4 Depths:5
Abyss: Depths:2 Depths:4
Pandemonium: Depths:3
Ziggurat: Depths:4

Annotations:
D:7 3 runed translucent doors, Talloween's ghost, novice FoMo
D:9 3 runed translucent doors, 15bullets's ghost, novice TrMo
Lair:6 exclusion: 3 oklob plants
Zot:2 1 runed translucent door, Nebugg's ghost, legendary MfGl
Zot:4 2 transporters, exclusion: obsidian statue


Innate Abilities, Weirdness & Mutations

You are resistant to torment.
Your stone body is resilient. (AC +19)
You are immune to poison.
Your large and strong wings let you fly indefinitely.
You resist negative energy. (rN+)
You are resistant to electric shocks. (rElec)
You can survive without breathing.
You are immune to petrification.
You are immune to rotting.
You cannot be stealthy.
You are hated by all.
You cannot train Dodging skill.
You cannot study or cast Fire magic.
You cannot study or cast Hexes magic.
You cannot study or cast Translocations magic.
You are somewhat inexperienced. (-2 XL)
You have large cloven feet.
You are surrounded by a mild repulsion field. (EV +2)
You are mostly covered in large bone plates. (SH +6)
You are covered in fur. (AC +1)
You are weak. (Str -2)
Your spells are a little harder to cast, but a little more powerful.
You evolve.
Potions are less effective at restoring your health.


Message History

You fly upwards.
There is a stone staircase leading down here.
You can't go up here!
There is an escape hatch in the ceiling here.
A mysterious force pulls you upwards. The hatch slams shut behind you.
There is a stone staircase leading up here.
You fly upwards.
There is a stone staircase leading down here.
You can't go up here!
Evoke which item? (* to show all) (? for menu, Esc to quit)
Aiming: Dig
Press: ? - help, Shift-Dir - straight line A rock wall.
This square is covered in magical glow.
The rock shatters into small pieces.
There is a stone staircase leading up here.
You fly upwards.
There is a stone staircase leading down here.
There is a staircase leading out of the dungeon here.
You have escaped!

....####..#..# #...##......#
####
#######......###...##......#
#...
#..####..#####.'......###.##
#.## ##.# #.#.....###...#
######.#
#.#####.............#
#(.....##
##......#.#######.....
..≈≈≈≈..####..≈≈≈≈...#
#.....
.≈≈≈≈§≈§.....≈≈≈≈.≈..#
#.....
.≈≈≈≈≈≈......≈≈>@≈≈..#
#.....
.≈≈≈§§§......≈≈≈≈≈≈..#
######
..≈§≈§§..##...≈≈≈≈...#
.....§§.####.........#
......### ####.....##
####### #######


There were no monsters in sight!

Vanquished Creatures
  Cerebov (Pan)
  Antaeus (Coc:7)
  Asmodeus (Geh:7)
  the Royal Jelly (Slime:5)
  Ereshkigal (Tar:7)
  Gloorx Vloq (Pan)
  Ignacio (Pan)
  Mnoleg (Pan)
  the Serpent of Hell (Coc:7)
  Lom Lobon (Pan)
  3 orbs of fire
  Dispater (Dis:7)
  Mennas (Pan)
  7 ancient liches
  34 greater mummies
  5 Killer Klowns (Zot:5)
  18 shard shrikes
  Saint Roka (Vaults:1)
  7 caustic shrikes (Depths:5)
  7 curse toes
  Geryon (Hell)
  13 golden dragons
  The ghost of Esecs the Devastator, a veteran GrEE of Lugonu (Crypt:1)
  3 profane servitors
  Nikola (Elf:2)
  17 bone dragons
  14 iron giants
  A shard shrike zombie (Crypt:2)
  46 Tzitzimimeh
  25 Brimstone Fiends
  14 doom hounds
  3 electric golems
  12 Hell Sentinels
  18 tentacled monstrosities
  26 Orb Guardians
  24 Ice Fiends
  14 liches
  2 deep elf blademasters (Elf:3)
  21 acid blobs
  9 titans
  2 deep elf master archers (Elf:3)
  12 quicksilver dragons
  Asterion (Elf:2)
  Gastronok (D:8)
  Murray (Depths:4)
  35 Executioners
  36 ancient champions
  9 death cobs
  12 sphinxes
  9 eldritch tentacles
  Agnes (Spider:3)
  Roxanne (Spider:4)
  9 draconian monks
  18 tentacled starspawn
  10 tengu reavers
  A daeva (Pan)
  18 storm dragons
  3 revenants
  2 thorn hunters (Swamp:4)
  9 warmongers (Pan)
  8 azure jellies
  11 pandemonium lords (Pan)
  17 shadow dragons
  10 iron dragons
  9 frost giants
  10 fire giants
  10 draconian knights
  59 balrugs
  10 ghost moths
  6 blood saints (Pan)
  A caustic shrike zombie (Crypt:1)
  15 vault wardens
  7 draconian scorchers
  6 deep elf sorcerers
  7 emperor scorpions
  2 curse skulls (Pan)
  33 cacodemons
  5 deep elf elementalists (Elf:3)
  7 ghouls
  Louise (Spider:1)
  2 draconian stormcallers
  8 draconian shifters
  4 elemental wellsprings
  2 spriggan defenders (Depths:2)
  97 reapers
  13 draconian annihilators
  19 ironheart preservers
  22 war gargoyles
  14 stone giants
  35 very ugly things
  9 vampire knights
  12 green draconians
  9 corrupters (Pan)
  5 entropy weavers
  An ophan (Abyss:4)
  Nessos (Orc:2)
  The ghost of Tacit the Basher, a journeyman GrMo of Gozag (Spider:1)
  Azrael (Elf:1)
  18 yellow draconians
  6 deep elf annihilators
  12 white draconians
  17 red draconians
  5 spark wasps
  5 deep elf demonologists
  10 bennus
  5 black suns (Pan)
  9 black draconians
  10 lorocyprocas
  A spark wasp (shapeshifter) (Elf:1)
  12 purple draconians
  13 deep elf death magi
  36 blizzard demons
  10 ettins
  30 mummy priests
  A crystal guardian (Vaults:4)
  6 eidola
  11 jiangshi
  7 deep elf high priests
  30 green deaths
  16 yaktaur captains
  10 great orbs of eyes
  A merfolk impaler (Abyss:4)
  6 death oozes (Slime:5)
  9 quicksilver dragon skeletons
  12 fire dragons
  7 quicksilver dragon zombies
  2 kraken zombies
  Harold (D:9)
  10 hell beasts
  11 monstrous demonspawn (Pan)
  12 rakshasas
  40 vault guards
  26 hydras
  47 ice dragons
  4 ghost crabs
  4 shambling mangroves
  5 spriggan air magi
  17 centaur warriors
  22 ogre magi
  62 two-headed ogres
  28 dancing weapons
  8 deep troll shamans
  24 death scarabs
  A queen ant (Spider:3)
  9 vampire magi
  10 alligators
  4 death yaks
  10 titan zombies
  31 hell hogs
  3 tengu warriors
  7 spriggan berserkers
  A deep troll earth mage (Vaults:2)
  22 thrashing horrors
  3 iron golems (Dis:7)
  84 hell knights
  5 orc high priests (Orc:2)
  42 soul eaters
  Sonja (Lair:5)
  94 sun demons
  11 wretched stars
  7 storm dragon zombies
  11 titan skeletons
  27 deep elf knights
  A spectral spark wasp (Spider:1)
  Urug (D:12)
  211 skeletal warriors
  20 shadow wraiths
  14 iron trolls
  2 spectral emperor scorpions (Spider:1)
  47 sixfirhies
  10 infernal demonspawn (Pan)
  5 spatial maelstroms
  4 golden dragon zombies
  A sea snake (shapeshifter) (Vaults:5)
  17 anaconda zombies
  13 gelid demonspawn (Pan)
  10 unseen horrors
  A glowing orange brain (shapeshifter) (Vaults:3)
  A swamp dragon (shapeshifter) (Vaults:5)
  19 deep trolls
  8 storm dragon skeletons
  An obsidian statue (D:11)
  5 glowing orange brains
  6 spriggan druids
  17 flayed ghosts
  13 wizards
  7 ghost moth zombies
  13 swamp dragons
  33 shadow demons
  14 torturous demonspawn (Pan)
  7 shadow dragon zombies
  59 starcursed masses
  20 phantasmal warriors
  11 shadow dragon skeletons
  5 golden dragon skeletons
  2 lindwurms
  20 ironbrand convokers
  2 death drakes
  Pikel (D:8)
  17 deep elf archers
  26 necromancers
  13 orc knights
  69 deep elf magi
  13 anaconda skeletons
  A salamander (Depths:4)
  6 orc sorcerers
  15 orb spiders
  6 shining eyes
  6 wolf spider zombies
  12 fire giant zombies
  26 wolf spiders
  11 frost giant zombies
  A mana viper (Abyss:4)
  A worldbinder (Abyss:4)
  10 iron dragon zombies
  A manticore (D:11)
  4 shock serpent zombies
  7 iron dragon skeletons
  56 ugly things
  An oklob plant (D:10)
  16 stone giant zombies
  35 moths of wrath
  12 stone giant skeletons
  10 dire elephant zombies
  A salamander (shapeshifter) (Vaults:1)
  6 cyclopes
  Joseph (D:8)
  18 elephants
  2 ice statues
  53 rust devils
  Maurice (D:8)
  16 vault sentinels
  5 dire elephant skeletons
  3 apocalypse crabs (Abyss:5)
  8 black mambas
  2 spiny frogs (shapeshifter)
  5 fire giant skeletons
  5 eyes of devastation
  13 frost giant skeletons
  3 torpor snails
  62 smoke demons
  39 orange demons
  A torpor snail (shapeshifter) (Abyss:5)
  26 spiny frogs
  9 molten gargoyles
  4 gargoyles
  A white draconian zombie (Dis:7)
  A black draconian zombie (Geh:6)
  A yellow draconian zombie (Crypt:3)
  5 emperor scorpion zombies
  A storm dragon simulacrum (Coc:5)
  40 hellions
  A minotaur zombie (Dis:5)
  9 rime drakes
  3 shock serpent skeletons
  57 tormentors
  2 kobold demonologists
  43 yaktaurs
  5 catoblepas zombies
  44 freezing wraiths
  29 hellwings
  A rime drake (shapeshifter) (Elf:3)
  48 ice devils
  17 efreet
  A komodo dragon (shapeshifter) (D:13)
  33 guardian mummies
  3 silent spectres
  10 trolls
  22 demonic crawlers
  An entropy weaver simulacrum (Spider:1)
  4 spectral deep trolls (Crypt:3)
  19 ancient zymes
  8 komodo dragons
  A queen bee (shapeshifter) (Depths:2)
  99 red devils
  6 tengu conjurers
  6 harpy zombies
  A merfolk (shapeshifter) (Vaults:5)
  2 polar bears
  3 harpy skeletons
  29 hornets
  3 catoblepas skeletons
  21 hydra zombies
  Prince Ribbit (D:8)
  2 jumping spiders (shapeshifter) (Vaults:3)
  A spectral tarantella (Spider:1)
  A wolf spider simulacrum (Spider:1)
  29 jumping spiders
  A shadow dragon simulacrum (Coc:4)
  10 tyrant leeches
  91 slime creatures
  2 spectral jumping spiders (Spider:1)
  8 hydra skeletons
  Grinder (D:2)
  17 bog bodies
  12 alligator zombies
  28 raiju
  16 blink frogs
  7 fire dragon zombies
  8 ettin zombies
  4 dream sheep (Lair:4)
  12 ice dragon zombies
  A meliai zombie (D:15)
  14 hippogriffs
  A fire giant simulacrum (Vaults:3)
  A snapping turtle (shapeshifter) (Vaults:1)
  12 fire dragon skeletons
  5 alligator skeletons
  139 flying skulls
  41 shadows
  5 black mamba zombies
  22 spriggans
  A vampire (D:13)
  25 small abominations
  8 ice dragon skeletons
  12 ettin skeletons
  5 wyverns
  39 ushabtiu
  77 redbacks
  38 tarantellas
  60 ynoxinuls
  4 fire bats (Pan)
  17 water elementals
  47 wraiths
  3 air elementals
  34 yaks
  45 fire elementals
  2 basilisks
  A hog (shapeshifter) (D:13)
  83 large abominations
  6 black mamba skeletons
  A steam dragon (D:14)
  16 golden eyes
  A golden eye (shapeshifter) (Vaults:3)
  35 vampire mosquitoes
  12 hungry ghosts
  35 neqoxecs
  31 chaos spawn
  Menkaure (D:5)
  16 swamp worms
  17 spatial vortices
  An emperor scorpion simulacrum (Tomb:3)
  7 insubstantial wisps
  A naga (shapeshifter) (Elf:1)
  5 soldier ants
  A water nymph zombie (Crypt:1)
  7 hydra simulacra
  6 wargs
  11 water moccasins
  3 acid dragons
  79 hell hounds
  A merfolk zombie (Coc:6)
  A soldier ant (shapeshifter) (Vaults:3)
  10 swamp drakes
  2 floating eyes (Pan)
  A deep troll skeleton (Crypt:2)
  2 floating eyes (shapeshifter)
  7 spiny frog zombies
  A glowing shapeshifter zombie (Crypt:2)
  4 black bears
  16 ice beasts
  A jumping spider simulacrum (Spider:1)
  6 porcupines
  A merfolk skeleton (Tar:5)
  8 spiny frog skeletons
  An ettin simulacrum (Tar:3)
  56 orc warriors
  3 manticore zombies
  An alligator simulacrum (Coc:1)
  38 necrophages
  A sky beast (D:9)
  40 ogres
  16 phantoms
  7 boggarts
  15 eyes of draining
  6 wolves (Lair:4)
  5 snapping turtle zombies
  A blink frog skeleton (Crypt:2)
  7 snapping turtle skeletons
  A dream sheep skeleton (Crypt:3)
  2 manticore skeletons
  11 crocodiles
  21 centaurs
  A swamp dragon zombie (Dis:3)
  5 swamp dragon skeletons
  5 big kobolds
  A komodo dragon zombie (Crypt:3)
  3 elf skeletons
  2 elf zombies
  24 bullfrogs
  A wyvern zombie (D:9)
  4 earth elementals
  2 spiny frog simulacra
  A salamander skeleton (Crypt:2)
  A water moccasin zombie (D:9)
  2 water moccasin skeletons
  4 scorpions
  5 killer bees (D:7)
  A spriggan zombie (Dis:7)
  A troll zombie (Dis:3)
  A polar bear zombie (Crypt:1)
  5 howler monkeys
  111 wights
  An electric eel (D:12)
  A raiju skeleton (Crypt:1)
  23 crimson imps
  5 centaur zombies
  A wolf skeleton (Crypt:2)
  A bullfrog zombie (D:8)
  8 quasits
  A human zombie (Dis:6)
  8 jellies
  3 bullfrog skeletons
  4 hounds
  A human simulacrum (Vaults:2)
  36 orc priests
  7 centaur skeletons
  A human skeleton (Geh:2)
  45 iron imps
  2 iguanas
  28 orc wizards
  22 worker ants
  A hell rat (Depths:3)
  A killer bee zombie (D:9)
  6 lightning spires (Abyss:4)
  A naga zombie (Tar:3)
  An ogre zombie (Geh:4)
  5 tengu zombies
  A tengu skeleton (Coc:7)
  A dwarf skeleton (Crypt:3)
  3 ogre skeletons
  A naga skeleton (Tar:6)
  49 mummies
  3 hound zombies
  3 hound skeletons
  2 howler monkey zombies
  A worker ant zombie (D:9)
  Robin (D:4)
  A howler monkey skeleton (D:9)
  4 gnolls
  2 scorpion zombies (Crypt:2)
  18 adders
  25 shadow imps
  24 white imps
  2 ufetubi (Abyss:3)
  2 adder zombies (D:9)
  An ooze (D:5)
  5 adder skeletons
  2 worms
  A dart slug (D:4)
  5 leopard geckos
  125 orcs
  A ball python (D:1)
  3 giant cockroaches
  16 goblins
  5 hobgoblins
  31 jackals
  35 kobolds
  5 quokkas
  5 bats
  5 frilled lizards
  A gnoll skeleton (Crypt:2)
  2 gnoll zombies (D:4)
  2 kobold skeletons
  A leopard gecko skeleton (D:5)
  An orc skeleton (Tar:2)
  A quokka skeleton (D:9)
  3 quokka zombies
  7 rats
  3 briar patches (Swamp:4)
  5 bushes (Depths:2)
  6 fire vortices
  3 lurking horrors
  20 plants
  12 starspawn tentacles
  2 tentacles
6346 creatures vanquished.

Vanquished Creatures (others)
  A greater mummy (Tomb:3)
  A Killer Klown (Zot:5)
  2 shard shrikes
  A caustic shrike (Depths:5)
  A bone dragon (Tar:2)
  An iron giant (Dis:2)
  3 tentacled monstrosities
  An Executioner (Pan)
  A death cob (Zot:2)
  A storm dragon (Zot:3)
  A tengu reaver (Depths:4)
  A fire giant (Depths:1)
  A draconian scorcher (Zot:3)
  A balrug (Geh:4)
  2 draconian knights
  3 reapers
  2 blood saints (Pan)
  An ironheart preserver (Vaults:5)
  A war gargoyle (Dis:7)
  An elemental wellspring (Coc:7)
  A stone giant (Depths:4)
  3 green draconians
  A black sun (Pan)
  2 yellow draconians
  A lorocyproca (Hell)
  2 green deaths (Pan)
  A jiangshi (Crypt:3)
  A blizzard demon (Abyss:4)
  An ettin (Depths:3)
  3 yaktaur captains
  2 mummy priests
  2 ice dragons
  2 hydras
  A dancing weapon (Elf:2)
  An alligator (Swamp:3)
  2 death scarabs
  3 two-headed ogres
  3 thrashing horrors
  3 deep elf knights
  4 hell hogs
  3 soul eaters (Pan)
  3 sun demons (Pan)
  A sixfirhy (Pan)
  4 skeletal warriors
  A wretched star (Abyss:5)
  2 iron trolls
  A storm dragon skeleton (Coc:4)
  A spatial maelstrom (Abyss:5)
  A torturous demonspawn (Pan)
  A wizard (Pan)
  A deep elf archer (Vaults:1)
  A wolf spider (Spider:3)
  An orb spider (Spider:3)
  An orc knight (Orc:1)
  An ugly thing (Vaults:1)
  A deep elf mage (Elf:2)
  2 moths of wrath
  An elephant (Lair:6)
  An orange demon (Abyss:5)
  A smoke demon (Abyss:5)
  A hellion (Pan)
  12 yaktaurs
  A hydra zombie (Coc:4)
  2 freezing wraiths
  2 red devils
  A guardian mummy (Tomb:1)
  A slime creature (Slime:2)
  A hornet (Spider:4)
  A polar bear (Lair:6)
  2 jumping spiders
  A raiju (Abyss:5)
  A blink frog (Lair:6)
  2 flying skulls (Tomb:3)
  A shadow (Geh:1)
  A redback (Spider:2)
  A vampire (Abyss:5)
  A yak (Lair:2)
  2 water elementals (Abyss:4)
  A golden eye (Abyss:1)
  A fire elemental (Geh:2)
  A human (shapeshifter) (Abyss:5)
  2 spatial vortices
  2 neqoxecs (Pan)
  3 chaos spawn
  7 large abominations (Abyss:5)
  2 swamp worms
  A spiny frog zombie (Coc:4)
  A water moccasin (Lair:6)
  2 hell hounds
  4 slaves (D:8)
  An ice beast (D:13)
  An orc warrior (Bailey)
  A boggart (Depths:2)
  A phantom (D:13)
  A necrophage (Geh:4)
  3 ogres
  2 centaurs
  A crocodile (Lair:6)
  A bullfrog (Lair:4)
  A wight (Dis:3)
  A crimson imp (Geh:2)
  3 small abominations
  A white imp (Geh:2)
  3 orcs
  A quokka (D:9)
  A kobold (D:9)
  8 bushes (Depths:2)
  A fire vortex (Abyss:5)
  13 fungi
  50 plants
  26 starspawn tentacles
  6 tentacles
283 creatures vanquished.

Grand Total: 6629 creatures vanquished

Notes
Turn   | Place    | Note
-------+----------+-------------------------------------------
     0 | D:1      | TheNamelessOne the Gargoyle Fighter began the quest for the
                  | Orb.
     0 | D:1      | Reached XP level 1. HP: 14/14 MP: 1/1
   228 | D:1      | Reached XP level 2. HP: 19/19 MP: 2/2
   701 | D:2      | Reached XP level 3. HP: 19/23 MP: 3/3
  1117 | D:2      | Reached XP level 4. HP: 26/29 MP: 4/4
  1295 | D:3      | Noticed Grinder
  1425 | D:2      | Paralysed by Grinder for 3 turns
  1641 | D:2      | Paralysed by Grinder for 2 turns
  1647 | D:2      | Paralysed by Grinder for 6 turns
  1821 | D:2      | Paralysed by Grinder for 5 turns
  1840 | D:2      | Paralysed by Grinder for 2 turns
  1845 | D:2      | Paralysed by Grinder for 5 turns
  1853 | D:2      | Killed Grinder
  1853 | D:2      | Reached XP level 5. HP: 13/34 MP: 5/5
  1853 | D:2      | Reached XP level 6. HP: 15/39 MP: 6/6
  2645 | D:3      | Reached XP level 7. HP: 26/44 MP: 7/7
  2806 | D:4      | Reached skill level 5 in Maces & Flails
  2931 | D:4      | Noticed Robin
  2950 | D:4      | Reached skill level 5 in Shields
  2975 | D:4      | Killed Robin
  2975 | D:4      | Reached skill level 5 in Fighting
  2975 | D:4      | Reached skill level 5 in Armour
  3613 | D:4      | Found a basalt altar of Yredelemnul.
  3684 | D:5      | Entered Level 5 of the Dungeon
  3875 | D:5      | Found a sacrificial altar of Ru.
  3894 | D:5      | Became a worshipper of Ru the Awakened
  3903 | D:5      | Noticed Menkaure
  3912 | D:5      | Killed Menkaure
  3912 | D:5      | Reached XP level 8. HP: 8/50 MP: 8/8
  5129 | D:6      | Found a staircase to the Ecumenical Temple.
  5567 | D:7      | Reached XP level 9. HP: 54/56 MP: 9/9
  6187 | D:6      | Found a sacrificial altar of Ru.
  6190 | D:6      | Found a shimmering blue altar of Sif Muna.
  6193 | D:6      | Found a radiant altar of Vehumet.
  6896 | D:7      | Found a runed translucent gate.
  6896 | D:7      | Found a runed translucent gate.
  6900 | D:7      | Found a runed translucent gate.
  6901 | D:7      | Noticed Talloween's ghost (novice FoMo)
  6911 | D:7      | Found a glowing silver altar of Zin.
  6912 | D:7      | Found an ancient bone altar of Kikubaaqudgha.
  7170 | D:8      | Gained mutation: You are somewhat inexperienced. (-2 XL)
                  | [Ru sacrifice]
  7170 | D:8      | Reached XP level 8. HP: 53/53 MP: 8/8
  7170 | D:8      | Reached XP level 7. HP: 48/48 MP: 7/7
  7170 | D:8      | Reached * piety under Ru
  7170 | D:8      | Reached ** piety under Ru
  7461 | D:7      | Reached XP level 8. HP: 38/53 MP: 8/8
  7663 | D:8      | Noticed Prince Ribbit
  7682 | D:8      | Killed Prince Ribbit
  7798 | D:8      | Noticed Gastronok
  8107 | D:8      | Killed Gastronok
  8107 | D:8      | Reached skill level 10 in Maces & Flails
  8107 | D:8      | Reached XP level 9. HP: 59/59 MP: 9/9
  8150 | D:8      | Noticed a hornet
  8176 | D:8      | Killed a hornet
  8176 | D:8      | Reached XP level 10. HP: 12/64 MP: 10/10
  8653 | D:8      | Noticed Joseph
  8674 | D:8      | Killed Joseph
  8694 | D:8      | Noticed Pikel
  8720 | D:8      | Killed Pikel
  9024 | D:9      | Noticed a death yak
  9025 | D:9      | Found a staircase to the Lair.
  9025 | D:9      | Noticed a death yak
  9027 | D:9      | Noticed a death yak
  9356 | D:8      | Killed a death yak
  9537 | D:8      | Killed a death yak
  9811 | D:9      | Noticed Maurice
  9881 | D:8      | Killed Maurice
  9881 | D:8      | Reached XP level 11. HP: 57/71 MP: 11/11
 10054 | D:9      | Noticed a necromancer
 10159 | D:8      | Killed a necromancer
 10394 | D:9      | Noticed Harold
 10417 | D:9      | Killed Harold
 10427 | D:9      | Noticed a skeletal warrior
 10468 | D:9      | Killed a skeletal warrior
 10618 | D:9      | Gained mutation: You cannot study or cast Fire magic. [Ru
                  | sacrifice]
 10618 | D:9      | Gained mutation: You cannot study or cast Hexes magic. [Ru
                  | sacrifice]
 10618 | D:9      | Gained mutation: You cannot study or cast Translocations
                  | magic. [Ru sacrifice]
 10618 | D:9      | Reached *** piety under Ru
 10680 | D:9      | Found a runed translucent gate.
 10681 | D:9      | Found a runed translucent gate.
 10682 | D:9      | Found a runed translucent gate.
 10686 | D:9      | Noticed 15bullets's ghost (novice TrMo)
 10820 | D:9      | Found a staircase to the Orcish Mines.
 10956 | D:9      | Found a glowing golden altar of the Shining One.
 11096 | D:10     | Entered Level 10 of the Dungeon
 11096 | D:10     | Noticed an oklob plant
 11149 | D:10     | Reached skill level 10 in Armour
 11155 | D:10     | Reached skill level 10 in Fighting
 11165 | D:10     | Reached skill level 10 in Shields
 11539 | D:10     | Noticed a two-headed ogre
 11547 | D:10     | Killed a two-headed ogre
 11577 | D:10     | Noticed a two-headed ogre
 11642 | D:10     | Killed an oklob plant
 11642 | D:10     | Reached XP level 12. HP: 42/77 MP: 12/12
 11707 | D:10     | Noticed a two-headed ogre
 11712 | D:10     | Killed a two-headed ogre
 11773 | D:10     | Killed a two-headed ogre
 12617 | D:11     | Identified the +5 ring mail of the Imp {rElec Str+4}
 12727 | D:11     | Gained mutation: You cannot train Dodging skill. [Ru
                  | sacrifice]
 12727 | D:11     | Reached **** piety under Ru
 13374 | D:12     | Noticed a two-headed ogre
 13376 | D:12     | Noticed a two-headed ogre
 13445 | Lair:1   | Entered Level 1 of the Lair of Beasts
 13959 | Lair:1   | You fall into a shaft and drop 1 floor!
 13959 | Lair:2   | Noticed an eight-headed hydra
 13971 | Lair:2   | Killed an eight-headed hydra
 14011 | Lair:2   | Noticed a six-headed hydra
 14039 | Lair:2   | Killed a six-headed hydra
 14262 | Lair:2   | You fall into a shaft and drop 2 floors!
 14280 | Lair:4   | Noticed a four-headed hydra
 14291 | Lair:4   | Killed a four-headed hydra
 14350 | Lair:4   | Reached skill level 1 in Evocations
 14365 | Lair:4   | Reached XP level 13. HP: 81/84 MP: 13/13
 15263 | Lair:4   | Gained mutation: You are hated by all. [Ru sacrifice]
 15263 | Lair:4   | Reached ***** piety under Ru
 15449 | Lair:5   | Found a staircase to the Slime Pits.
 15997 | Lair:5   | Noticed Sonja
 16075 | Lair:5   | Cast into level 2 of the Abyss (Sonja)
 16261 | Abyss:2  | Noticed a starcursed mass
 16293 | Abyss:2  | Noticed a cacodemon
 16306 | Abyss:2  | Gained mutation: Armour fits poorly on your strangely
                  | shaped body. [a cacodemon]
 16314 | Abyss:2  | Killed a cacodemon
 16314 | Abyss:2  | Gained mutation: Your large and strong wings let you fly
                  | indefinitely. [Gargoyle growth]
 16314 | Abyss:2  | Reached XP level 14. HP: 69/91 MP: 4/17
 16383 | Abyss:2  | Gained mutation: Your magical capacity is low. (-10% MP) [a
                  | neqoxec]
 16414 | Lair:5   | Escaped the Abyss
 16421 | Lair:5   | HP: 1/92 [Sonja/+2 short sword of distortion (8)]
 16712 | Lair:5   | Killed Sonja
 16893 | Lair:6   | Entered Level 6 of the Lair of Beasts
 17414 | Lair:6   | Reached skill level 15 in Maces & Flails
 18140 | Lair:6   | Reached skill level 5 in Evocations
 18465 | Lair:6   | Found a burning altar of Makhleb.
 18740 | Lair:6   | Found a gateway to Hell.
 19211 | Lair:3   | Found a staircase to the Swamp.
 19818 | Lair:2   | Found a hole to the Spider Nest.
 20421 | Lair:2   | Gained mutation: You cannot be stealthy. [Ru sacrifice]
 20421 | Lair:2   | Reached ****** piety under Ru
 20658 | Lair:1   | Reached XP level 15. HP: 87/97 MP: 14/17
 21488 | Orc:1    | Entered Level 1 of the Orcish Mines
 21591 | Orc:1    | Found a flagged portal.
 21600 | Bailey   | Entered a bailey
 22407 | Orc:1    | Found Xivved's Book Shop.
 22684 | Orc:1    | Lost mutation: Armour fits poorly on your strangely shaped
                  | body. [potion of mutation]
 22684 | Orc:1    | Lost mutation: Your magical capacity is low. (-10% MP)
                  | [potion of mutation]
 22684 | Orc:1    | Gained mutation: You have a pair of small horns on your
                  | head. [potion of mutation]
 22684 | Orc:1    | Gained mutation: Your natural rate of healing is unusually
                  | fast. [potion of mutation]
 22684 | Orc:1    | Gained mutation: You are resistant to hostile enchantments.
                  | (MR+) [potion of mutation]
 22714 | Orc:2    | Entered Level 2 of the Orcish Mines
 22825 | Orc:2    | Noticed Nessos
 22835 | Orc:2    | Killed Nessos
 22930 | Orc:2    | Found a staircase to the Elven Halls.
 23985 | Orc:2    | Found Unaotal's Weapon Shop.
 23988 | Orc:2    | Found Behai's Weapon Boutique.
 23989 | Orc:2    | Found Sieky's Book Shop.
 23990 | Orc:2    | Found Ysseis's General Store.
 23994 | Orc:2    | Bought a +1 morningstar of holy wrath for 156 gold pieces
 24437 | D:12     | Noticed Urug
 24448 | D:12     | Killed Urug
 25285 | D:13     | Identified the +8 broad axe of Demonkind {freeze, rF+
                  | Int+3} (You found it on level 13 of the Dungeon)
 25394 | D:13     | Reached skill level 1 in Axes
 25647 | D:13     | Found a gate to the Vaults.
 26175 | D:14     | Reached XP level 16. HP: 77/104 MP: 14/21
 26994 | D:15     | Entered Level 15 of the Dungeon
 27358 | D:15     | Reached skill level 5 in Axes
 27583 | D:15     | Found a staircase to the Depths.
 27951 | Elf:1    | Entered Level 1 of the Elven Halls
 28258 | Elf:1    | Reached XP level 17. HP: 111/111 MP: 19/23
 28300 | Elf:1    | Noticed Azrael
 28306 | Elf:1    | Killed Azrael
 28348 | Elf:1    | Found a portal to a secret trove of treasure.
 28433 | Elf:1    | Found Soecw's Assorted Antiques.
 28439 | Elf:1    | Bought a purple potion for 27 gold pieces
 28815 | Elf:2    | Found a runed translucent gate.
 28815 | Elf:2    | Found a runed translucent gate.
 28828 | Elf:2    | Found a runed translucent gate.
 28888 | Elf:2    | Found Qeefobliguog's Food Shop.
 29076 | Elf:2    | Found Joxtyeng's Gadget Boutique.
 29078 | Elf:2    | Found Lyajeh's Jewellery Shoppe.
 29079 | Elf:2    | Found Gadi's Gadget Boutique.
 29434 | Elf:2    | Noticed Nikola
 29434 | Elf:2    | Noticed Asterion
 29449 | Elf:2    | Killed Nikola
 29452 | Elf:2    | Killed Asterion
 29982 | Elf:3    | Entered Level 3 of the Elven Halls
 30149 | Elf:3    | Found Ysiudghekh's Armour Shop.
 30201 | Elf:3    | Reached XP level 18. HP: 118/118 MP: 25/25
 30292 | Elf:3    | Reached skill level 15 in Armour
 30511 | Elf:3    | Noticed a deep elf blademaster
 30514 | Elf:3    | Reached skill level 15 in Shields
 30529 | Elf:3    | Killed a deep elf blademaster
 30589 | Elf:3    | Noticed a deep elf blademaster
 30595 | Elf:3    | Noticed a deep elf master archer
 30601 | Elf:3    | Reached skill level 15 in Fighting
 30602 | Elf:3    | Killed a deep elf blademaster
 30602 | Elf:3    | Reached skill level 10 in Axes
 30964 | Elf:3    | Killed a deep elf master archer
 30964 | Elf:3    | Reached skill level 10 in Evocations
 31009 | Elf:3    | Identified the +3 broad axe of Ystrari {protect, Int+3}
 31127 | Elf:3    | Noticed a deep elf master archer
 31135 | Elf:3    | Killed a deep elf master archer
 31141 | Elf:3    | Identified Imeonutz's Papyrus of the Scorching Traveller
 31202 | Elf:3    | Identified the Catalogue of Blistering Augmentations
 31204 | Elf:3    | Identified Sif Muna's Collected Works on Envenoming and
                  | Transformation
 31236 | Elf:3    | Identified the cursed +1 plate armour of the Devil
                  | {*Corrode rN+ Str+3 Slay+3} (You found it on level 3 of the
                  | Elven Halls)
 31469 | Spider:1 | Entered Level 1 of the Spider Nest
 31469 | Spider:1 | Noticed Louise
 31486 | Spider:1 | Killed Louise
 32279 | Spider:1 | Got a heavily runed copper ring
 32281 | Spider:1 | Identified the ring of Reimbursement {rF+ rN+ SInv Stlth+}
                  | (You found it on level 1 of the Spider Nest)
 32408 | Spider:1 | Found a runed translucent gate.
 32408 | Spider:1 | Found a runed translucent gate.
 32408 | Spider:1 | Found a runed translucent gate.
 32408 | Spider:1 | Noticed Tacit's ghost (journeyman GrMo)
 32669 | Spider:1 | Killed Tacit's ghost
 32802 | Spider:2 | Reached XP level 19. HP: 96/124 MP: 21/26
 33581 | Spider:3 | Noticed Agnes
 33595 | Spider:3 | Killed Agnes
 34033 | Spider:4 | Entered Level 4 of the Spider Nest
 34170 | Spider:4 | Noticed Roxanne
 34320 | Spider:4 | Killed Roxanne
 35028 | Spider:4 | Got a gossamer rune of Zot
 35327 | Vaults:1 | Entered Level 1 of the Vaults
 35394 | Vaults:1 | Found Bazaeb's Food Shoppe.
 35518 | Vaults:1 | Reached XP level 20. HP: 114/131 MP: 24/28
 36126 | Swamp:1  | Entered Level 1 of the Swamp
 37403 | Swamp:3  | Found a frozen archway.
 37973 | Swamp:4  | Entered Level 4 of the Swamp
 38429 | Swamp:4  | Got a decaying rune of Zot
 39555 | Vaults:1 | Reached XP level 21. HP: 138/138 MP: 30/30
 39624 | Vaults:1 | Noticed Saint Roka
 39638 | Vaults:1 | Killed Saint Roka
 40561 | Vaults:2 | Found Joupnuq's Armour Shoppe.
 41360 | Vaults:3 | Reached skill level 15 in Axes
 41494 | Vaults:3 | Found Wobymyxa's Armour Shoppe.
 41504 | Vaults:3 | Bought the +0 pair of boots of Ytaokuelo {rElec Str+4} for
                  | 349 gold pieces
 41684 | Vaults:3 | Reached XP level 22. HP: 123/145 MP: 25/31
 42450 | Vaults:3 | Found a staircase to the Crypt.
 42450 | Vaults:3 | Found a basalt altar of Yredelemnul.
 42451 | Vaults:3 | Found an ancient bone altar of Kikubaaqudgha.
 42605 | Vaults:2 | Bought the +6 plate armour of the Skies Above {rCorr} for
                  | 1246 gold pieces
 43222 | Vaults:4 | Found Zybongaza's Armour Shop.
 43275 | Vaults:4 | Identified the Tome of Helpful Clay
 43863 | Crypt:1  | Entered Level 1 of the Crypt
 44289 | Crypt:1  | Reached XP level 23. HP: 137/152 MP: 30/33
 44533 | Crypt:1  | Found a runed translucent gate.
 44533 | Crypt:1  | Found a runed translucent gate.
 44533 | Crypt:1  | Found a runed translucent gate.
 44535 | Crypt:1  | Noticed Esecs's ghost (veteran GrEE)
 44588 | Crypt:1  | Killed Esecs's ghost
 45462 | Crypt:3  | Entered Level 3 of the Crypt
 45761 | Crypt:3  | Found a staircase to the Tomb.
 46030 | Crypt:3  | Noticed a curse toe
 46030 | Crypt:3  | Noticed a curse toe
 46057 | Crypt:3  | Killed a curse toe
 46059 | Crypt:3  | Killed a curse toe
 46068 | Crypt:3  | Found the +8 demon blade "Bloodbane" {slice, *Rage +Rage
                  | Stlth-}
 46342 | Crypt:3  | Noticed an ancient lich
 46354 | Crypt:3  | Killed an ancient lich
 46359 | Crypt:3  | Identified the Papyrus of Gliding Evil Rites
 46359 | Crypt:3  | Noticed an ancient lich
 46370 | Crypt:3  | Killed an ancient lich
 46770 | Depths:1 | Entered Level 1 of the Depths
 46899 | Depths:1 | Reached XP level 24. HP: 155/160 MP: 31/33
 47399 | Depths:2 | Found a one-way gate to the infinite horrors of the Abyss.
 47748 | Depths:2 | Found a shattered altar of Ashenzari.
 48235 | Depths:2 | Reached skill level 15 in Evocations
 48611 | Depths:3 | Found the +8 orange crystal plate armour {Archmagi, Int+3
                  | Clar}
 48915 | Depths:3 | Found a runed translucent gate.
 48916 | Depths:3 | Found a runed translucent gate.
 48916 | Depths:3 | Found a runed translucent gate.
 48959 | Depths:3 | Found a one-way gate leading to the halls of Pandemonium.
 49419 | Depths:3 | Identified a scroll of acquirement
 49552 | Depths:4 | Found a gateway to a ziggurat.
 49771 | Depths:4 | Found a corrupted altar of Lugonu.
 49924 | Depths:4 | Reached XP level 25. HP: 164/168 MP: 34/34
 50723 | Vaults:5 | Entered Level 5 of the Vaults
 50812 | Vaults:5 | Noticed an ancient lich
 50935 | Vaults:5 | Identified the ring of Hodaj {+Inv rPois Str+3 Int+4
                  | Stlth+}
 50946 | Vaults:5 | Killed an ancient lich
 51267 | Vaults:5 | Got a translucent granite ring
 51268 | Vaults:5 | Identified the ring of Qoosta {rElec MR+ Dex+6 Slay-4} (You
                  | found it on level 5 of the Vaults)
 51277 | Vaults:5 | Identified the Reference Book on Nocuous Calling
 51472 | Vaults:5 | Got a silver rune of Zot
 51956 | Vaults:5 | Reached skill level 1 in Spellcasting
 52501 | Depths:5 | Entered Level 5 of the Depths
 52725 | Depths:5 | Found a gate to the Realm of Zot.
 53091 | Depths:5 | Reached skill level 5 in Spellcasting
 53407 | Zot:1    | Entered Level 1 of the Realm of Zot
 53466 | Zot:1    | Noticed an orb of fire
 53476 | Zot:1    | Killed an orb of fire
 54121 | Zot:1    | Learned a level 6 spell: Deflect Missiles
 54255 | Zot:2    | Reached skill level 1 in Charms
 54282 | Zot:2    | Reached skill level 1 in Air Magic
 54516 | Zot:2    | Found a runed translucent door.
 54516 | Zot:2    | Noticed Nebugg's ghost (legendary MfGl)
 54516 | Zot:2    | Noticed a Killer Klown
 55171 | Zot:2    | Identified the +1 eveningstar "Pytourra" {crush, rPois
                  | Dex-3 Stlth+} (You acquired it on level 2 of the Realm of
                  | Zot)
 55630 | Zot:3    | Found a transporter.
 56129 | Zot:3    | Learned a level 3 spell: Regeneration
 56179 | Zot:3    | Found a transporter.
 56361 | Zot:3    | Got a faintly glowing pewter ring
 56362 | Zot:3    | Identified the ring "Kuomi" {+Fly rC+ Dex+2} (You found it
                  | on level 3 of the Realm of Zot)
 56386 | Zot:3    | Identified the +2 pair of gloves of Cothrudd {Dex+6} (You
                  | found it on level 3 of the Realm of Zot)
 56468 | Zot:4    | Reached skill level 5 in Charms
 56487 | Zot:4    | Found a transporter.
 56487 | Zot:4    | Identified the ring of Reynkiw {SInv Stlth+}
 56555 | Zot:4    | Found a transporter.
 56702 | Zot:4    | Reached skill level 5 in Air Magic
 57155 | Depths:4 | Voluntarily entered the Abyss.
 57196 | Abyss:1  | Found a corrupted altar of Lugonu.
 57304 | Abyss:2  | Found a corrupted altar of Lugonu.
 57787 | Abyss:3  | Gained mutation: You tend to lose your temper in combat. [a
                  | neqoxec]
 57865 | Abyss:3  | Found a stormy altar of Qazlal.
 58692 | Abyss:4  | Reached skill level 10 in Spellcasting
 58828 | Abyss:4  | Found a corrupted altar of Lugonu.
 58844 | Abyss:4  | Found a corrupted altar of Lugonu.
 58898 | Abyss:4  | Gained mutation: Potions are less effective at restoring
                  | your health. [a neqoxec]
 58901 | Abyss:4  | Lost mutation: Your natural rate of healing is unusually
                  | fast. [a neqoxec]
 58944 | Abyss:5  | Entered Level 5 of the Abyss
 58945 | Abyss:5  | Found a corrupted altar of Lugonu.
 59298 | Abyss:5  | Gained mutation: Armour fits poorly on your strangely
                  | shaped body. [a neqoxec]
 59497 | Abyss:5  | Paralysed by accursed screaming for 1 turns
 59518 | Abyss:5  | Gained mutation: You are clumsy. (Dex -2) [a neqoxec]
 59533 | Abyss:5  | Gained mutation: Scrolls take you a little longer to read.
                  | [a neqoxec]
 59576 | Depths:4 | Escaped the Abyss
 59793 | Depths:4 | Voluntarily entered the Abyss.
 59793 | Abyss:1  | Noticed an ancient lich
 59812 | Abyss:1  | Paralysed by accursed screaming for 1 turns
 59814 | Abyss:1  | Killed an ancient lich
 59930 | Depths:4 | Escaped the Abyss
 60124 | Hell     | Entered the Vestibule of Hell
 60124 | Hell     | Noticed Geryon
 60127 | Hell     | Noticed Murray
 60446 | Depths:4 | Killed Murray
 60568 | Hell     | Killed Geryon
 60821 | Hell     | Found a gateway to the ashen valley of Gehenna.
 60870 | Hell     | Found a gateway to the Iron City of Dis.
 60917 | Hell     | Found a gateway to the freezing wastes of Cocytus.
 61065 | Hell     | Found a gateway to the decaying netherworld of Tartarus.
 61248 | Tar:1    | Entered Level 1 of Tartarus
 62729 | Tar:2    | Reached skill level 10 in Charms
 64602 | Tar:5    | Reached skill level 10 in Air Magic
 66862 | Tar:7    | Entered Level 7 of Tartarus
 66888 | Tar:7    | Reached skill level 27 in Armour
 66930 | Tar:7    | Reached skill level 27 in Fighting
 67578 | Tar:7    | Noticed Ereshkigal
 67620 | Tar:7    | Killed Ereshkigal
 67844 | Tar:7    | Got a bone rune of Zot
 68213 | Tar:7    | Identified the +4 shield of Muefatum {Slay+5} (You found it
                  | on level 7 of Tartarus)
 68871 | Tar:7    | Reached skill level 15 in Spellcasting
 69543 | Elf:1    | You paid a toll of 8 scrolls of blinking to enter a
                  | treasure trove
 69544 | Trove    | Entered a treasure trove
 69572 | Trove    | Identified Faoshy's Guide on Boosts
 69930 | Dis:1    | Entered Level 1 of the Iron City of Dis
 70074 | Dis:1    | You are sucked into a shaft and drop 1 floor!
 70087 | Dis:2    | Reached skill level 1 in Throwing
 70087 | Dis:2    | Reached skill level 1 in Necromancy
 70391 | Dis:2    | Gained mutation: Potions are poor at restoring your health.
                  | [mutagenic glow]
 70427 | Dis:2    | Gained mutation: You are occasionally teleported next to
                  | monsters. [mutagenic glow]
 71427 | Dis:4    | Reached skill level 5 in Throwing
 71635 | Dis:4    | Gained mutation: You occasionally shout uncontrollably at
                  | your foes. [mutagenic glow]
 71739 | Dis:4    | Reached skill level 5 in Necromancy
 73955 | Dis:7    | Entered Level 7 of the Iron City of Dis
 74415 | Dis:7    | Reached skill level 10 in Throwing
 74785 | Dis:7    | Got a flickering lead ring
 74814 | Dis:7    | Identified the cursed ring "Alutaud" {rPois MR+ Str-4 Int-3
                  | Dex+8} (You found it on level 7 of the Iron City of Dis)
 75506 | Dis:7    | Identified the +4 staff of Dispater
 75506 | Dis:7    | Noticed Dispater
 75537 | Dis:7    | Killed Dispater
 75567 | Dis:7    | Identified the Papyrus of the Snowflakes
 75569 | Dis:7    | Identified the Collected Works on the Snowflakes and the
                  | Entourage
 75572 | Dis:7    | Got an iron rune of Zot
 76052 | Geh:1    | Entered Level 1 of Gehenna
 76566 | Geh:2    | Learned a level 5 spell: Aura of Abjuration
 76600 | Geh:2    | Reached skill level 1 in Summonings
 76958 | Geh:2    | Reached skill level 5 in Summonings
 77032 | Geh:2    | You are sucked into a shaft and drop 2 floors!
 78274 | Geh:5    | Reached skill level 10 in Summonings
 78574 | Geh:7    | Entered Level 7 of Gehenna
 78862 | Geh:7    | Identified the ring "Weavva" {MR+ rCorr Str+2 Dex-3 SInv}
 78945 | Geh:7    | Identified the +7 sceptre of Asmodeus
 78945 | Geh:7    | Noticed Asmodeus
 78947 | Geh:7    | Reached skill level 15 in Throwing
 78962 | Geh:7    | Killed Asmodeus
 78970 | Geh:7    | Got an obsidian rune of Zot
 80429 | Coc:1    | Entered Level 1 of Cocytus
 80943 | Coc:1    | Noticed a shard shrike
 80943 | Coc:1    | Noticed a shard shrike
 80943 | Coc:1    | Noticed a shard shrike
 80955 | Coc:1    | Killed a shard shrike
 80958 | Coc:1    | Killed a shard shrike
 80967 | Coc:1    | Killed a shard shrike
 81334 | Coc:4    | Noticed a shard shrike
 81355 | Coc:4    | Killed a shard shrike
 82187 | Coc:5    | Noticed a shard shrike
 82190 | Coc:5    | Killed a shard shrike
 82490 | Coc:6    | Noticed a shard shrike
 82491 | Coc:6    | Noticed a shard shrike
 82501 | Coc:6    | Killed a shard shrike
 82520 | Coc:6    | Killed a shard shrike
 82552 | Coc:6    | Noticed a shard shrike
 82553 | Coc:6    | Noticed a shard shrike
 82553 | Coc:6    | Noticed a shard shrike
 82554 | Coc:6    | Noticed a shard shrike
 82558 | Coc:6    | Killed a shard shrike
 82560 | Coc:6    | Killed a shard shrike
 82564 | Coc:6    | Killed a shard shrike
 82568 | Coc:6    | Killed a shard shrike
 82694 | Coc:6    | Noticed a shard shrike
 82700 | Coc:6    | Killed a shard shrike
 82730 | Coc:6    | Noticed a shard shrike
 82745 | Coc:6    | Killed a shard shrike
 83015 | Coc:7    | Entered Level 7 of Cocytus
 83274 | Coc:7    | Noticed a shard shrike
 83274 | Coc:7    | Noticed a shard shrike
 83276 | Coc:7    | Noticed a shard shrike
 83276 | Coc:7    | Noticed a shard shrike
 83281 | Coc:7    | Killed a shard shrike
 83285 | Coc:7    | Killed a shard shrike
 83290 | Coc:7    | Killed a shard shrike
 83293 | Coc:7    | Killed a shard shrike
 83342 | Coc:7    | Noticed a shard shrike
 83344 | Coc:7    | Noticed a shard shrike
 83354 | Coc:7    | Killed a shard shrike
 83357 | Coc:7    | Killed a shard shrike
 83421 | Coc:7    | Noticed the Serpent of Hell
 83448 | Coc:7    | Killed the Serpent of Hell
 83567 | Coc:7    | Identified the amulet of Vanity {RegenMP Str+2 Dex+4}
 83570 | Coc:7    | Identified the +1 trident of Epe Iqa {pierce, Fragile Str+8
                  | Int+4}
 83575 | Coc:7    | Noticed Antaeus
 83656 | Coc:7    | Killed Antaeus
 83778 | Coc:7    | Got an icy rune of Zot
 83806 | Coc:7    | Noticed a shard shrike
 83836 | Coc:7    | Killed a shard shrike
 84200 | Pan      | Entered Pandemonium
 84289 | Pan      | Entered the realm of Mnoleg.
 84352 | Pan      | Gained mutation: You are frail. (-10% HP) [a neqoxec]
 84368 | Pan      | Gained mutation: You are weak. (Str -2) [a neqoxec]
 84421 | Pan      | Noticed Mnoleg
 84421 | Pan      | Gained mutation: You do not regenerate when monsters are
                  | visible. [a cacodemon]
 84449 | Pan      | Killed Mnoleg
 84454 | Pan      | Gained mutation: You are very frail. (-20% HP) [a neqoxec]
 84457 | Pan      | Gained mutation: Your spells are a little easier to cast,
                  | but a little less powerful. [a neqoxec]
 84521 | Pan      | Paralysed by a floating eye for 2 turns
 84566 | Pan      | Got a glowing rune of Zot
 84796 | Pan      | Gained mutation: You are sometimes teleported next to
                  | monsters. [a cacodemon]
 84967 | Pan      | Found an exit through the horrors of the Abyss.
 85013 | Pan      | Noticed Beveff the pandemonium lord
 85035 | Pan      | Killed Beveff the pandemonium lord
 85279 | Pan      | Entered the realm of Gloorx Vloq.
 85401 | Pan      | Found an exit through the horrors of the Abyss.
 85736 | Pan      | Noticed Gloorx Vloq
 85757 | Pan      | Killed Gloorx Vloq
 86033 | Pan      | Got a dark rune of Zot
 86048 | Pan      | Got a heavily runed amber ring
 86354 | Pan      | Found an exit through the horrors of the Abyss.
 86354 | Pan      | Noticed Getism the pandemonium lord
 86548 | Pan      | Entered the realm of Cerebov.
 87043 | Pan      | Identified the amulet of Nelahij {Reflect rElec Str+6 Dex+3
                  | SH+2}
 87063 | Pan      | Identified the ring of Awe {rElec rC++ rCorr Dex-2 Slay+3}
                  | (You found it in Pandemonium)
 87083 | Pan      | Identified the +6 sword of Cerebov {flame}
 87083 | Pan      | Noticed Cerebov
 87107 | Pan      | Killed Cerebov
 87416 | Pan      | Identified the Reference Book on Glacial Poisoning
 87418 | Pan      | Identified the Incunabulum of the Beekeeper
 87454 | Pan      | Got a fiery rune of Zot
 87601 | Pan      | Found a runed translucent door.
 87601 | Pan      | Noticed Vyraot the pandemonium lord
 87608 | Pan      | Killed Vyraot the pandemonium lord
 87707 | Pan      | Noticed Ignacio
 87715 | Pan      | Killed Ignacio
 87833 | Pan      | Entered the realm of Lom Lobon.
 87888 | Pan      | Noticed Mennas
 87905 | Pan      | Killed Mennas
 87905 | Pan      | Reached skill level 15 in Charms
 87970 | Pan      | Found an exit through the horrors of the Abyss.
 88146 | Pan      | Noticed Lom Lobon
 88168 | Pan      | Killed Lom Lobon
 88276 | Pan      | Got a magical rune of Zot
 88920 | Pan      | Noticed Ycwemoud the pandemonium lord
 88931 | Pan      | Cast into level 4 of the Abyss (Ycwemoud)
 88973 | Abyss:4  | Got an abyssal rune of Zot
 89083 | Pan      | Escaped the Abyss
 89097 | Pan      | Killed Ycwemoud the pandemonium lord
 89847 | Pan      | Noticed Esuoreh the pandemonium lord
 89860 | Pan      | Killed Esuoreh the pandemonium lord
 90313 | Pan      | Noticed Ekliylig the pandemonium lord
 90326 | Pan      | Gained mutation: Your magical capacity is low. (-10% MP) [a
                  | neqoxec]
 90327 | Pan      | Killed Ekliylig the pandemonium lord
 90410 | Pan      | Gained mutation: Scrolls take you longer to read. [a
                  | cacodemon]
 90414 | Pan      | Gained mutation: You often lose your temper in combat. [a
                  | cacodemon]
 90605 | Pan      | Noticed Liarunku the pandemonium lord
 90613 | Pan      | Killed Liarunku the pandemonium lord
 91227 | Pan      | Found an exit through the horrors of the Abyss.
 91289 | Pan      | Noticed Ymni the pandemonium lord
 91296 | Pan      | Killed Ymni the pandemonium lord
 91313 | Pan      | Found an exit through the horrors of the Abyss.
 91545 | Pan      | Noticed Heupt the pandemonium lord
 91576 | Pan      | Killed Heupt the pandemonium lord
 91907 | Pan      | Found an exit through the horrors of the Abyss.
 92149 | Pan      | Found an exit through the horrors of the Abyss.
 92304 | Pan      | Noticed Gourphici the pandemonium lord
 92310 | Pan      | Killed Gourphici the pandemonium lord
 92421 | Pan      | Found an exit through the horrors of the Abyss.
 92625 | Pan      | Noticed Huar the pandemonium lord
 92646 | Pan      | Killed Huar the pandemonium lord
 92804 | Pan      | Found an exit through the horrors of the Abyss.
 93270 | Pan      | Found a huge runed translucent gate.
 93270 | Pan      | Found a huge runed translucent gate.
 93271 | Pan      | Found a huge runed translucent gate.
 93271 | Pan      | Found a huge runed translucent gate.
 93271 | Pan      | Found a huge runed translucent gate.
 93271 | Pan      | Found a huge runed translucent gate.
 93271 | Pan      | Found a huge runed translucent gate.
 93271 | Pan      | Found a huge runed translucent gate.
 93272 | Pan      | Found a huge runed translucent gate.
 93272 | Pan      | Found a huge runed translucent gate.
 93272 | Pan      | Found a huge runed translucent gate.
 93272 | Pan      | Found a huge runed translucent gate.
 93272 | Pan      | Found a huge runed translucent gate.
 93639 | Pan      | Found a huge runed translucent gate.
 93641 | Pan      | Found a huge runed translucent gate.
 93641 | Pan      | Noticed Lihuch the pandemonium lord
 93642 | Pan      | Found a huge runed translucent gate.
 93642 | Pan      | Found a huge runed translucent gate.
 93651 | Pan      | Killed Lihuch the pandemonium lord
 93673 | Pan      | Got a demonic rune of Zot
 93873 | Pan      | Gained mutation: You are dopey. (Int -2) [a neqoxec]
 94185 | Pan      | Found an exit through the horrors of the Abyss.
 94204 | Pan      | Took an exit into the Abyss.
 94204 | Abyss:1  | Escaped into the Abyss
 94209 | Depths:3 | Escaped the Abyss
 95170 | Slime:1  | Entered Level 1 of the Pits of Slime
 95239 | Slime:2  | Gained mutation: Your magical capacity is very low. (-20%
                  | MP) [a shining eye]
 95427 | Slime:4  | Gained mutation: Scrolls take you much longer to read. [a
                  | shining eye]
 95431 | Slime:4  | Gained mutation: You are very weak. (Str -4) [a shining
                  | eye]
 95432 | Slime:4  | Gained mutation: You are very clumsy. (Dex -4) [a shining
                  | eye]
 95472 | Slime:5  | Entered Level 5 of the Pits of Slime
 95620 | Slime:5  | Noticed the Royal Jelly
 95634 | Slime:5  | Killed the Royal Jelly
 95963 | Slime:5  | Gained mutation: Your body sometimes deteriorates upon
                  | taking damage. [a shining eye]
 96002 | Slime:5  | Got a translucent ruby amulet
 96006 | Slime:5  | Identified the amulet "Fuafofadd" {Reflect Int+2 SH+4
                  | Stlth+} (You found it on level 5 of the Pits of Slime)
 96082 | Slime:5  | Got a slimy rune of Zot
 96330 | Slime:5  | Lost mutation: Scrolls take you much longer to read.
                  | [potion of mutation]
 96330 | Slime:5  | Lost mutation: You have a pair of small horns on your head.
                  | [potion of mutation]
 96330 | Slime:5  | Lost mutation: You are very clumsy. (Dex -4) [potion of
                  | mutation]
 96330 | Slime:5  | Lost mutation: You are very frail. (-20% HP) [potion of
                  | mutation]
 96330 | Slime:5  | Lost mutation: You often lose your temper in combat.
                  | [potion of mutation]
 96330 | Slime:5  | Lost mutation: Your spells are a little easier to cast, but
                  | a little less powerful. [potion of mutation]
 96331 | Slime:5  | Lost mutation: You occasionally shout uncontrollably at
                  | your foes. [potion of mutation]
 96331 | Slime:5  | Lost mutation: Your magical capacity is very low. (-20% MP)
                  | [potion of mutation]
 96331 | Slime:5  | Gained mutation: You are partially covered in large bone
                  | plates. (SH +4) [potion of mutation]
 96332 | Slime:5  | Lost mutation: Potions are poor at restoring your health.
                  | [potion of mutation]
 96332 | Slime:5  | Lost mutation: You are sometimes teleported next to
                  | monsters. [potion of mutation]
 96332 | Slime:5  | Gained mutation: You have a pair of small horns on your
                  | head. [potion of mutation]
 96333 | Slime:5  | Lost mutation: Your magical capacity is low. (-10% MP)
                  | [potion of mutation]
 96333 | Slime:5  | Lost mutation: Your body sometimes deteriorates upon taking
                  | damage. [potion of mutation]
 96333 | Slime:5  | Lost mutation: You do not regenerate when monsters are
                  | visible. [potion of mutation]
 96333 | Slime:5  | Lost mutation: Scrolls take you longer to read. [potion of
                  | mutation]
 96333 | Slime:5  | Gained mutation: You are mostly covered in large bone
                  | plates. (SH +6) [potion of mutation]
 96334 | Slime:5  | Lost mutation: You have a pair of small horns on your head.
                  | [potion of mutation]
 96334 | Slime:5  | Lost mutation: You are occasionally teleported next to
                  | monsters. [potion of mutation]
 96334 | Slime:5  | Lost mutation: You are resistant to hostile enchantments.
                  | (MR+) [potion of mutation]
 96334 | Slime:5  | Gained mutation: You expend magic power (3 MP) to
                  | strengthen your wands. [potion of mutation]
 96334 | Slime:5  | Gained mutation: You are somewhat resistant to further
                  | mutation. [potion of mutation]
 96335 | Slime:5  | Lost mutation: You tend to lose your temper in combat.
                  | [potion of mutation]
 96335 | Slime:5  | Lost mutation: You expend magic power (3 MP) to strengthen
                  | your wands. [potion of mutation]
 96335 | Slime:5  | Lost mutation: You are somewhat resistant to further
                  | mutation. [potion of mutation]
 96335 | Slime:5  | Lost mutation: You are frail. (-10% HP) [potion of
                  | mutation]
 96335 | Slime:5  | Gained mutation: You possess an exceptional clarity of
                  | mind. [potion of mutation]
 96336 | Slime:5  | Lost mutation: You are dopey. (Int -2) [potion of mutation]
 96336 | Slime:5  | Lost mutation: You are clumsy. (Dex -2) [potion of
                  | mutation]
 96336 | Slime:5  | Gained mutation: You can translocate small distances at
                  | will. [potion of mutation]
 96595 | Temple   | Entered the Ecumenical Temple
 96969 | Tomb:1   | Entered Level 1 of the Tomb of the Ancients
 97013 | Tomb:1   | Identified Puyraptiro's Disquisition on Congealing
                  | Augmentations
 97133 | Tomb:1   | Lost mutation: You possess an exceptional clarity of mind.
                  | [potion of mutation]
 97133 | Tomb:1   | Lost mutation: Scrolls take you a little longer to read.
                  | [potion of mutation]
 97133 | Tomb:1   | Gained mutation: Your spells are a little harder to cast,
                  | but a little more powerful. [potion of mutation]
 97133 | Tomb:1   | Gained mutation: You evolve. [potion of mutation]
 97147 | Tomb:1   | Paralysed by a sphinx for 2 turns
 97686 | Tomb:1   | Noticed a greater mummy
 97701 | Tomb:1   | Killed a greater mummy
 97701 | Tomb:1   | Reached skill level 27 in Axes
 98120 | Tomb:2   | Noticed a greater mummy
 98120 | Tomb:2   | Noticed a greater mummy
 98126 | Tomb:2   | Noticed a greater mummy
 98126 | Tomb:2   | Noticed a greater mummy
 98130 | Tomb:2   | Killed a greater mummy
 98212 | Tomb:2   | Killed a greater mummy
 98270 | Tomb:2   | Killed a greater mummy
 98538 | Tomb:1   | Noticed a greater mummy
 98540 | Tomb:1   | Noticed a greater mummy
 98541 | Tomb:1   | Noticed a greater mummy
 98543 | Tomb:1   | Noticed a greater mummy
 98545 | Tomb:1   | Noticed a greater mummy
 98553 | Tomb:1   | Killed a greater mummy
 98558 | Tomb:1   | Killed a greater mummy
 98558 | Tomb:1   | Noticed a greater mummy
 98569 | Tomb:1   | Killed a greater mummy
 98573 | Tomb:1   | Killed a greater mummy
 98577 | Tomb:1   | Noticed a greater mummy
 98578 | Tomb:1   | Noticed a greater mummy
 98898 | Tomb:2   | Killed a greater mummy
 99070 | Tomb:2   | Lost mutation: Armour fits poorly on your strangely shaped
                  | body. [potion of mutation]
 99070 | Tomb:2   | Lost mutation: You can translocate small distances at will.
                  | [potion of mutation]
 99070 | Tomb:2   | Lost mutation: You are very weak. (Str -4) [potion of
                  | mutation]
 99070 | Tomb:2   | Gained mutation: You are agile. (Dex +2) [potion of
                  | mutation]
 99070 | Tomb:2   | Gained mutation: You are surrounded by a mild repulsion
                  | field. (EV +2) [potion of mutation]
 99070 | Tomb:2   | Gained mutation: You are covered in fur. (AC +1) [potion of
                  | mutation]
 99123 | Tomb:1   | Noticed a greater mummy
 99123 | Tomb:1   | Noticed a greater mummy
 99129 | Tomb:1   | Killed a greater mummy
 99132 | Tomb:1   | Killed a greater mummy
 99132 | Tomb:1   | Killed a greater mummy
 99137 | Tomb:1   | Killed a greater mummy
 99143 | Tomb:1   | Killed a greater mummy
 99149 | Tomb:1   | Killed a greater mummy
 99207 | Tomb:1   | Noticed a greater mummy
 99221 | Tomb:1   | Killed a greater mummy
 99221 | Tomb:1   | Reached skill level 15 in Air Magic
 99225 | Tomb:1   | Noticed a greater mummy
 99230 | Tomb:1   | Noticed a greater mummy
 99239 | Tomb:1   | Noticed a greater mummy
 99241 | Tomb:1   | Killed a greater mummy
 99251 | Tomb:1   | Killed a greater mummy
 99260 | Tomb:1   | Killed a greater mummy
 99260 | Tomb:1   | Noticed a greater mummy
 99262 | Tomb:1   | Noticed a greater mummy
 99263 | Tomb:1   | Noticed a greater mummy
 99280 | Tomb:1   | Killed a greater mummy
 99280 | Tomb:1   | Killed a greater mummy
 99284 | Tomb:1   | Killed a greater mummy
 99470 | Tomb:1   | Noticed a greater mummy
 99481 | Tomb:1   | Noticed a greater mummy
 99482 | Tomb:1   | Noticed a greater mummy
 99482 | Tomb:1   | Noticed a greater mummy
 99483 | Tomb:1   | Noticed a greater mummy
 99493 | Tomb:1   | Killed a greater mummy
 99518 | Tomb:1   | Killed a greater mummy
 99524 | Tomb:1   | Killed a greater mummy
 99532 | Tomb:1   | Killed a greater mummy
 99901 | Tomb:3   | Entered Level 3 of the Tomb of the Ancients
 99910 | Tomb:3   | Noticed a greater mummy
 99910 | Tomb:3   | Noticed a greater mummy
 99910 | Tomb:3   | Noticed a greater mummy
 99910 | Tomb:3   | Noticed a greater mummy
 99911 | Tomb:3   | Noticed a greater mummy
 99911 | Tomb:3   | Noticed an ancient lich
 99911 | Tomb:3   | Noticed a greater mummy
 99911 | Tomb:3   | Noticed a greater mummy
 99927 | Tomb:3   | Killed a greater mummy
 99931 | Tomb:3   | Killed a greater mummy
 99932 | Tomb:3   | Killed a greater mummy
 99936 | Tomb:3   | Killed a greater mummy
 99937 | Tomb:3   | Noticed a greater mummy
 99940 | Tomb:3   | Killed a greater mummy
 99942 | Tomb:3   | Killed an ancient lich
 99944 | Tomb:3   | Killed a greater mummy
100013 | Tomb:3   | Killed a greater mummy
100324 | Tomb:3   | Got a golden rune of Zot
100382 | Tomb:3   | Killed a greater mummy
100475 | Tomb:1   | Killed a greater mummy
101024 | Zot:5    | Entered Level 5 of the Realm of Zot
101150 | Zot:5    | Noticed an ancient lich
101162 | Zot:5    | Killed an ancient lich
101169 | Zot:5    | Noticed a Killer Klown
101200 | Zot:5    | Killed a Killer Klown
101228 | Zot:5    | Noticed an orb of fire
101233 | Zot:5    | Noticed an ancient lich
101234 | Zot:5    | Killed an orb of fire
101245 | Zot:5    | Killed an ancient lich
101254 | Zot:5    | Noticed a Killer Klown
101275 | Zot:5    | Noticed an orb of fire
101279 | Zot:5    | Noticed a Killer Klown
101282 | Zot:5    | Noticed a Killer Klown
101285 | Zot:5    | Noticed a Killer Klown
101289 | Zot:5    | Noticed a Killer Klown
101290 | Zot:5    | Killed a Killer Klown
101290 | Zot:5    | Lost mutation: You are agile. (Dex +2) [an orb of fire]
101292 | Zot:5    | Killed an orb of fire
101294 | Zot:5    | Killed a Killer Klown
101307 | Zot:5    | Killed a Killer Klown
101307 | Zot:5    | Killed a Killer Klown
101313 | Zot:5    | Killed a Killer Klown
101529 | Zot:5    | Got the Orb of Zot
101530 | Zot:5    | Noticed a Killer Klown
102039 | D:10     | Gained mutation: You have large cloven feet. [evolution]
102301 | D:$      | Escaped with the Orb!

Levels and vault maps discovered:
D:1:      dpeg_arrival_pits, layout_basic, minmay_statues_item
D:2:      layout_loops_cross, first_ration
D:3:      minmay_spotlight, layout_rooms, moated_statue, uniq_grinder
D:4:      cheibrodos_old_hovel, layout_loops_ring,
          lemuel_zombie_altar_yredelemnul, uniq_robin
D:5:      layout_loops_corners, nicolae_ru_great_annihilating_truth,
          uniq_menkaure
D:6:      layout_cave_pools, grunt_temple_overflow_diamond,
          minmay_temple_entry_stoned_glass
D:7:      layout_loops_ring, gammafunk_temple_overflow_pools,
          ebering_ghost_rock_garden
D:8:      layout_loops_ring, kennysheep_nub, hangedman_pestilent_swarm,
          uniq_pikel, uniq_prince_ribbit1, uniq_gastronok, uniq_joseph
D:9:      hangedman_screamer, layout_irregular_city, dpeg_lair_monsters,
          basic_altar, ebering_ghost_rock_garden, uniq_harold, uniq_maurice
D:10:     layout_basic, dpeg_stationary_puzzle
D:11:     layout_loops_ring, minmay_statue_bubble
D:12:     layout_loops_corners, serial_bayou, serial_bayou_pond_c,
          serial_bayou_shore_a, serial_bayou_pond_e, serial_bayou_pond_e,
          serial_bayou_pond_a, nicolae_straight_to_the_point, uniq_urug
D:13:     minmay_coctagon, layout_gridville, david_vaults_4, hex_tiny,
          chequers_serial_rivers_micro_b
D:14:     layout_loops_ring, dk_noncrumbling_2
D:15:     hangedman_depths_entry_civil_slaughter, layout_loops_cross,
          serial_bayou_lagoon_a
Temple:   eino_temple_rhombus
Lair:1:   wander_river, layout_cave_pods, beast_lair_carwin_8
Lair:2:   layout_chaotic_city, spider_nest_entry_webs
Lair:3:   layout_hall_layers, swamp_mist_pool
Lair:4:   layout_regular_city, nicolae_lair_grove_arrangements,
          grunt_megastairs_4
Lair:5:   layout_loops_ring, minmay_slime_entry_pillars, lemuel_fruit_tree,
          uniq_sonja
Lair:6:   evil_forest, layout_gridlike, grunt_megastairs_3,
          minmay_lair_oklob_chamber
Swamp:1:  layout_basic_swamp, evilmike_swamp_ruin_rubble_2
Swamp:2:  layout_basic_swamp, evilmike_swamp_ruin_house_1, swamp_pool5
Swamp:3:  layout_falls_marsh, portal_ice_cave_entry_pillars_1,
          evilmike_swamp_ruin_house_3, swamp_pool2, statue_in_the_mist_lemuel
Swamp:4:  swamp_alternative, layout_basic_swamp, infiniplex_staircase_pool_2
Spider:1: layout_spider_delve, gammafunk_ghost_necromancy, uniq_louise
Spider:2: layout_spider_delve
Spider:3: layout_spider_delve, nicolae_spider_ant_collections, uniq_agnes
Spider:4: spider_rune_water, uniq_roxanne
Slime:1:  layout_caves
Slime:2:  layout_caves
Slime:3:  layout_caves, nicolae_slime_phagocytosis
Slime:4:  layout_caves
Slime:5
Orc:1:    layout_diamond_mine, serial_shops,
          nicolae_shop_temple_entry_statues_fountains, enter_bailey_3
Orc:2:    st_orc_pillars, layout_caves, uniq_nessos
Elf:1:    minmay_elf_arrival_plus, layout_loops_ring, serial_shops, shop,
          nicolae_trove_entry_crossroad, hangedman_elf_represent, uniq_azrael
Elf:2:    layout_onion_city, serial_shops, nicolae_shop_behind_doors,
          minmay_shop_grove, uniq_nikola, uniq_asterion
Elf:3:    minmay_elf_hall_dome, layout_geoelf_octagon, serial_shops,
          nicolae_shop_statue_plus
Vaults:1: hangedman_vaults_cutoff, grunt_vaults_swirl, v_misc_24,
          nicolae_vaults_branching_niches, v_misc_26, vaults_room_grid,
          layout_vaults_big_room, serial_shops, shop, uniq_saint_roka
Vaults:2: nicolae_vaults_shelves_hall, nicolae_vaults_network_quincunx
          [nicolae_vaults_network_quincunx_subvault,
          nicolae_vaults_network_quincunx_subvault,
          nicolae_vaults_network_quincunx_subvault,
          nicolae_vaults_network_quincunx_subvault,
          nicolae_vaults_network_quincunx_subvault], nicolae_vaults_what_the_h,
          hangedman_vaults_slice, hangedman_vaults_nodes,
          vaults_mumra_minichess, v_rooms_1, nicolae_vaults_little_squares_3,
          ontoclasm_vaults_loading_screen, vaults_room_pools,
          layout_vaults_big_cross, serial_shops, shop
Vaults:3: minmay_crypt_entry_necro_gods, v_alt_pattern_5, v_misc_10,
          nicolae_vaults_halls_meeting, v_misc_8, vaults_standard_mumra_lines,
          vaults_room_door_ring, ontoclasm_vaults_spin, ontoclasm_vaults_chip,
          layout_vaults_omnigrid, serial_shops, shop
Vaults:4: vaults_room_hangedman_quadrants, nicolae_vaults_circle_grid_a,
          v_misc_33, v_alt_pattern_4, hangedman_vaults_impose,
          nicolae_vaults_big_angled_halls, vaults_mumra_minichess_inversion,
          ontoclasm_vaults_twist, vaults_room_fours, vaults_room_door_ring,
          layout_vaults_maze_snakey, serial_shops, shop
Vaults:5: serial_shops
Crypt:1:  layout_regular_city, ebering_ghost_rock_garden
Crypt:2:  layout_chaotic_city, serial_sigils_hangedman_stare, hex_large
Crypt:3:  david_glass_crypt, layout_misc_corridors, skrybe_necro_troll_2
Tomb:1
Tomb:2
Tomb:3
Depths:1: layout_cave_pools, hell_entry, minivault_11, dk_noncrumbling_4,
          st_stairs_5, due_unseen_surprise, infiniplex_staircase_pool_lava
Depths:2: minmay_spriggan_fort, layout_basic, abyss_entry,
          evilmike_ruin_ashenzari, hell_entry
Depths:3: grunt_twist_and_shout, layout_basic, pan_entry, hell_entry,
          minmay_crystal_room, pandoras_box_mu
Depths:4: grunt_deathspiral_large, layout_cave_pools, enter_ziggurat_b,
          hell_entry, abyss_entry_flame_altar, kennysheep_small_spiral
Depths:5: grunt_crosshair, layout_basic, pf_vacation_house_of_asmodeus,
          roderic_serpentine_path
Hell
Dis:1:    layout_regular_city
Dis:2:    layout_chaotic_city, hangedman_dis_decor_blocks_talon
Dis:3:    layout_chaotic_city
Dis:4:    layout_gridville
Dis:5:    layout_gridville
Dis:6:    layout_gridville
Dis:7:    dis_grunt_layers
Geh:1:    layout_gehenna_lava_caves
Geh:2:    layout_gehenna_lava_caves, minmay_fire_ice_demons
Geh:4:    layout_gehenna_lava_caves, gehenna_fire_generator,
          lemuel_flamethrower_3
Geh:5:    layout_gehenna_pools_box
Geh:6:    layout_gehenna_pools_basic, grunt_megastairs_2
Geh:7:    geh_grunt_pentagon
Coc:1:    layout_ice_bergs
Coc:2:    layout_ice_bergs
Coc:3:    layout_ice_bergs
Coc:4:    layout_cocytus_water_paths
Coc:5:    layout_cocytus_water_paths
Coc:6:    layout_cocytus_water_paths
Coc:7:    coc_grunt
Tar:1:    layout_catacombs
Tar:2:    layout_cathedral_of_symmetry
Tar:3:    layout_honeycomb, nicolae_tar_cuneiform_heaven
Tar:4:    layout_cathedral_of_symmetry, lemuel_elevator
Tar:5:    layout_catacombs
Tar:6:    layout_grid_maze
Tar:7:    tar_mu [tar_mu_maze]
Zot:1:    layout_misc_corridors
Zot:2:    layout_gridlike, ebering_ghost_inner_flame, grunt_megastairs_5
Zot:3:    gammafunk_the_bubble [the_bubble_gammafunk_crates], layout_gridlike
Zot:4:    gammafunk_sealed_arena, layout_misc_corridors
Zot:5:    layout_gridlike, grunt_ministairs_1, drop_trap

Skill      XL: |  1  2  3  4  5  6  7  8  9 10 11 12 13 14 15 16 17 18 19 20 21 22 23 24 25 |
---------------+----------------------------------------------------------------------------+-----
Maces & Flails | 3 4 5 10 8 11 12 13 14 15 16 | 16.3
Fighting       | 4 5 8 7 9 10 11 12 13 14 15 16 17 18 19 20 27 | 27.0
Armour         | 4 5 8 7 9 10 11 12 13 14 15 16 17 18 19 20 27 | 27.0
Shields        | 4 5 8 7 9 10 11 12 13 14 15 16 17 18 19 20 22 | 22.4
Evocations     | 1 4 5 7 8 9 10 11 12 13 14 15 25 | 25.5
Axes           | 2 6 9 11 12 13 15 27 | 27.0
Spellcasting   | 16 | 16.0
Charms         | 21 | 21.0
Air Magic      | 19 | 19.0
Throwing       | 20 | 20.4
Necromancy     | 5 |  5.0
Summonings     | 13 | 13.6

Action                   |  1- 3 |  4- 6 |  7- 9 | 10-12 | 13-15 | 16-18 | 19-21 | 22-24 | 25-27 || total
-------------------------+-------+-------+-------+-------+-------+-------+-------+-------+-------++-------
Melee: Flail             |   168 |   209 |   937 |   979 |  1732 |       |       |       |       ||  4025
       Morningstar       |       |       |       |       |   227 |       |    53 |   595 |       ||   875
       Headbutt          |       |       |       |       |   147 |   163 |   284 |   419 |  3438 ||  4451
       Broad axe         |       |       |       |       |   111 |   920 |  1120 |   949 | 10355 || 13455
       Sacred scourge    |       |       |       |       |       |       |       |       |  1021 ||  1021
Throw: Javelin           |       |       |       |       |       |       |       |       |    61 ||    61
       Dart              |       |       |       |       |       |       |       |       |    11 ||    11
 Cast: Regeneration      |       |       |       |       |       |       |       |       |    58 ||    58
       Aura of Abjuratio |       |       |       |       |       |       |       |       |    28 ||    28
       Deflect Missiles  |       |       |       |       |       |       |       |       |    20 ||    20
Invok: Sacrifice Experie |       |       |     1 |       |       |       |       |       |       ||     1
       Sacrifice Arcana  |       |       |       |     1 |       |       |       |       |       ||     1
       Sacrifice Nimblen |       |       |       |     1 |       |       |       |       |       ||     1
       Apocalypse        |       |       |       |       |     3 |    13 |    10 |     6 |   116 ||   148
       Power Leap        |       |       |       |       |     2 |       |     1 |       |     7 ||    10
       Draw Out Power    |       |       |       |       |     1 |       |       |       |     2 ||     3
       Sacrifice Love    |       |       |       |       |     1 |       |       |       |       ||     1
       Sacrifice Stealth |       |       |       |       |     1 |       |       |       |       ||     1
 Abil: Evoke Berserk Rag |       |       |     1 |     2 |     1 |       |       |       |       ||     4
       Fly               |       |       |       |       |       |       |     1 |       |     1 ||     2
       Stop Flying       |       |       |       |       |       |       |       |       |     1 ||     1
Evoke: Wand              |       |       |     5 |    11 |    41 |       |       |     4 |    28 ||    89
       Lightning rod     |       |       |       |       |       |       |       |       |    12 ||    12
       Lamp of fire      |       |       |       |       |       |       |       |       |     5 ||     5
  Use: Potion            |       |       |     1 |     1 |     7 |     1 |     2 |       |    46 ||    58
       Scroll            |       |       |    13 |     8 |    14 |     7 |     3 |     6 |    55 ||   106
 Stab: Paralysed         |       |       |     7 |    10 |    12 |    12 |    16 |    10 |   179 ||   246
       Invisible         |       |       |     1 |     5 |    11 |     4 |    13 |    10 |    85 ||   129
       Distracted        |       |       |       |     2 |    15 |     3 |     2 |     6 |    69 ||    97
       Held in net/web   |       |       |       |       |       |       |     1 |       |       ||     1
  Eat: Chunk             |     1 |     2 |    18 |    16 |    36 |    20 |    27 |    14 |    65 ||   199
       Ration            |       |     1 |     4 |     2 |     2 |     1 |     1 |     4 |    40 ||    55
Armor: Chain mail        |   183 |   136 |   606 |   160 |       |       |       |       |       ||  1085
       Scale mail        |     9 |       |       |       |       |       |       |       |       ||     9
       Plate armour      |       |       |       |   340 |   972 |   507 |   661 |   412 |       ||  2892
       Crystal plate arm |       |       |       |       |       |       |       |    73 |  4794 ||  4867
Dodge: Dodged            |    66 |    50 |   198 |   236 |   366 |   222 |   249 |   195 |  1397 ||  2979
       Deflected         |       |       |       |       |       |       |       |       |   137 ||   137
Block: Shield            |   135 |   111 |   481 |   527 |  1074 |   575 |   979 |   934 |  7640 || 12456
       Reflection        |       |       |       |       |       |       |    58 |    60 |    45 ||   163
